 Dungeon Crawl Stone Soup version 0.17.0-1-g61d176b (webtiles) character file.

175327 Medar the Draconian Blade (level 17, -7/207 HPs)
             Began as a Grey Draconian Chaos Knight on Nov 7, 2015.
             Mangled by a water elemental (8 damage)
             ... while paralysed by you
             ... on level 3 of the Shoals.
             The game lasted 02:42:51 (53745 turns).

Medar the Draconian Blade (DrCK)                   Turns: 53745, Time: 02:42:51

Health: -7/207     AC: 22    Str: 34    XL:     17   Next: 47%
Magic:  28/28      EV:  2    Int: 15    God:    Xom [*.....]
Gold:   526        SH:  0    Dex: 19    Spells: 6 memorised, 7 levels left

rFire  + . .     SeeInvis .     Q - +2 triple sword (flame)
rCold  . . .     Clarity  .     (armour unavailable)
rNeg   . . .     SustAt   .     (shield currently unavailable)
rPois  +         Gourm    .     A - +2 hat
rElec  +         Spirit   .     z - -1 cloak of Intuition {*Contam rElec Str+6}
rCorr  .         Warding  .     O - +2 pair of gloves {Str+3}
rMut   +         Stasis   .     D - +2 pair of boots {rF+}
MR     ++...                    G - amulet of resist mutation
Stlth  ..........               m - ring of poison resistance
                                W - ring of Liralu {*Drain MR+ Int+2 Dex+5 Stlth+}

@: paralysed, berserking (expiring), mesmerised, very slightly contaminated,
very resistant to hostile enchantments, extremely unstealthy
A: walk through water, unfitting armour, claws 2, hooves 2, horns 1, stinger 1,
blurry vision 1, strong 1, unbreathing, no device heal 1, cold-blooded, AC +14
a: Renounce Religion


You were on level 3 of the Shoals.
You worshipped Xom.
You were a special plaything of Xom.
You were not hungry.

You visited 5 branches of the dungeon, and saw 33 of its levels.
You also visited: Volcano.

You collected 4187 gold pieces.
You spent 3661 gold pieces at shops.

Inventory:

Hand Weapons
 Q - a +2 triple sword of flaming (weapon)
Missiles
 i - 3 throwing nets {=f =F}
 J - 10 javelins (quivered)
Armour
 u - the +2 cloak "Zuol" {+Inv rC- rN+ Str+6}
   (You found it on level 3 of the Snake Pit)

   It affects your strength (+6).
   It makes you vulnerable to cold.
   It protects you from negative energy.
   It lets you turn invisible.
 z - the -1 cloak of Intuition (worn) {*Contam rElec Str+6}
   (You found it on level 9 of the Dungeon)

   It affects your strength (+6).
   It insulates you from electricity.
   It causes magical contamination when unequipped.
 A - a +2 hat (worn)
 D - a +2 pair of boots of fire resistance (worn)
 O - a +2 pair of gloves of strength (worn)
Jewellery
 m - a ring of poison resistance (right hand)
 o - an uncursed ring of ice
 s - an uncursed ring of sustain attributes
 G - an amulet of resist mutation (around neck)
 H - an uncursed ring of positive energy
 M - an uncursed ring of fire
 W - the ring of Liralu (left hand) {*Drain MR+ Int+2 Dex+5 Stlth+}
   (You bought it in a shop on level 2 of the Orcish Mines)

   [ring of protection from magic]

   It affects your intelligence (+2).
   It affects your dexterity (+5).
   It affects your resistance to hostile enchantments.
   It causes draining when unequipped.
   It makes you more stealthy.
Wands
 j - a wand of hasting (5)
 n - a wand of random effects (12)
 v - a wand of digging (9)
 N - a wand of disintegration (13)
 S - a wand of fireball (5)
Scrolls
 c - 7 scrolls of recharging
 g - 2 scrolls of fear
 q - 2 scrolls of holy word
 r - 3 scrolls of blinking
 t - 7 scrolls of remove curse {@r1}
 I - 3 scrolls of fog
 L - a scroll of teleportation
 Y - 2 scrolls of identify {@r2}
Potions
 e - 3 potions of resistance
 h - 3 potions of might
 p - 6 potions of brilliance
 w - 4 potions of haste
 B - 2 potions of lignification
 E - 5 potions of agility
 F - 2 potions of curing {@q1}
 R - 3 potions of flight
 T - 2 potions of cancellation
 U - 2 potions of magic
Books
 k - a book of Spatial Translocations

   Spells                             Type                      Level
   a - Apportation                    Translocation                1
   b - Blink                          Translocation                2
   c - Shroud of Golubria             Charms/Translocation         2
   d - Portal Projectile              Translocation                3
   e - Teleport Other                 Translocation                3
   f - Passage of Golubria            Translocation                4
Miscellaneous
 P - a lamp of fire
 X - a fan of gales
Comestibles
 a - 3 chunks of flesh
 d - 19 fruits {@e3}
 f - 2 meat rations {@e2}
 l - 21 bread rations {@e1}


   Skills:
 - Level 9.4 Fighting
 + Level 21.0 Long Blades
 - Level 7.9 Dodging
   Level 5.3 Shields
 - Level 7.7 Spellcasting
 - Level 14.5 Charms
 - Level 8.3 Translocations
 - Level 2.0 Air Magic
 - Level 2.4 Evocations


You had 7 spell levels left.
You knew the following spells:

 Your Spells              Type           Power        Failure   Level  Hunger
e - Haste                 Chrm           #####...     8%          6    #######
q - Regeneration          Chrm/Necr      ####......   1%          3    ##.....
r - Repel Missiles        Chrm/Air       ####..       1%          2    None
t - Phase Shift           Tloc           ####......   14%         5    #####..
w - Blink                 Tloc           N/A          1%          2    None
R - Deflect Missiles      Chrm/Air       ####......   71%         6    #######


Dungeon Overview and Level Annotations

Branches:
Dungeon (14/15)            Temple (0/1) D:4            Lair (8/8) D:9
 Shoals (3/4) Lair:6        Snake (4/4) Lair:6        Slime (0/6) Lair:7
    Orc (4/4) D:11            Elf (0/3) Orc:4        Vaults (0/5) D:13

Altars:
Ashenzari
Elyvilon
Gozag
Makhleb
Okawaru
Ru
Sif Muna
Trog
Xom
Yredelemnul
Beogh
Jiyva

Shops:
D:5 !   D:8 *   Orc:2 =!   Orc:4 [:*[

Annotations:
D:3 Sigmund
D:14 Agnes, Louise
Lair:7 1 runed door, Rupert
Shoals:2 exclusion: 2 centaurs
Snake:1 Wiglaf
Snake:4 exclusion: door


Innate Abilities, Weirdness & Mutations

You can walk through water.
Your dull iron-grey scales are very hard (AC +14).
Your body does not fit into most forms of armour.
You can survive without breathing.
You are cold-blooded and may be slowed by cold attacks.
You have very sharp fingernails.
You have hoof-like feet.
You have a pair of small horns on your head.
Your tail ends in a poisonous barb.
Scrolls take you a little longer to read.
Your muscles are strong. (Str +2)
Potions and wands are less effective at restoring your health.


Message History

You resist with almost no effort.
The merfolk throws a tomahawk.
The tomahawk barely misses you.
You hear a splash.
The merfolk avatar chants a haunting song.
You resist with almost no effort.
The merfolk is engulfed in a cloud of scalding steam.
The merfolk aquamancer hits you but does no damage.
The merfolk hits you from afar with a vampiric trident!
* * * LOW HITPOINT WARNING * * *
Xom thinks this is hilarious!
The merfolk draws strength from your injuries!
The water elemental barely misses you. The snapping turtle barely misses you.
The merfolk hits you but does no damage.
The merfolk avatar chants a haunting song.
You are mesmerised by the merfolk avatar!
The merfolk aquamancer hits you with a rapier.
* * * LOW HITPOINT WARNING * * *
The water elemental hits you!
You die...
Xom titters!

##################
≈≈≈≈≈≈≈@m≈≈≈≈≈≈≈≈≈
≈≈≈≈≈≈≈E≈t≈≈≈≈≈≈≈≈
≈≈≈≈≈≈≈≈mm≈≈≈≈≈≈≈≈
≈≈≈≈≈≈≈≈≈≈≈≈≈≈≈≈≈≈
≈≈≈≈≈≈m≈≈§≈≈≈≈≈≈≈≈
≈≈≈≈≈≈≈m≈m≈≈≈≈≈≈≈≈
≈≈≈≈≈≈≈≈≈≈≈≈≈≈≈≈≈≈
P≈≈≈≈≈≈≈≈≈≈≈≈≈≈≈≈≈
PP≈≈≈≈≈≈≈P≈≈≈≈≈≈≈≈


You could see 2 merfolk avatars, a merfolk aquamancer, a snapping turtle, 3
merfolk and a water elemental.

Vanquished Creatures
  Vashnia (Snake:3)
  Jorgrun (Shoals:2)
  An octopode crusher (Lair:6)
  A storm dragon (Lair:6)
  2 greater nagas
  Donald (Orc:3)
  Maud (Orc:3)
  A ghost moth (D:13)
  Azrael (D:12)
  4 vault guards (D:13)
  3 merfolk impalers
  Fannar (Lair:1)
  8 naga warriors
  7 hydras
  A merfolk aquamancer (Shoals:1)
  3 centaur warriors
  Erolcha (Orc:3)
  11 anacondas
  A catoblepas (Lair:5)
  Urug (Orc:3)
  7 shock serpents
  An orc high priest (Orc:4)
  9 naga sharpshooters
  3 salamander mystics
  Sonja (D:12)
  An unseen horror (D:10)
  2 wizards
  A ball lightning (Lair:8)
  6 sea snakes
  An anubis guard (Snake:1)
  3 naga ritualists
  6 hill giants
  13 harpies
  A lindwurm (Lair:6)
  2 orc knights (Orc:1)
  10 griffons
  4 mana vipers
  7 manticores
  15 salamanders
  11 slime creatures
  2 ugly things (D:12)
  A hornet (D:12)
  An oklob plant (Lair:5)
  7 orc sorcerers
  2 fauns
  14 elephants
  3 cyclopes
  3 toenail golems (Volcano)
  2 sirens
  2 gargoyles
  35 black mambas
  A centaur zombie (D:14)
  5 guardian serpents
  12 naga magi
  26 spiny frogs
  4 fire drakes
  4 komodo dragons
  3 trolls
  13 merfolk
  2 trapdoor spider zombies (D:11)
  3 snapping turtles
  14 blink frogs
  A giant leech (Lair:8)
  3 two-headed ogres
  A trapdoor spider (D:13)
  60 yaks
  4 wyverns
  3 deep elf magi
  5 humans (Volcano)
  6 basilisks
  5 fire elementals (D:12)
  3 water elementals (Shoals:1)
  A wraith (D:14)
  2 wargs
  11 hippogriffs
  28 nagas
  6 vampire mosquitoes (Lair:8)
  2 steam dragons
  17 wolves
  A mottled dragon (D:12)
  15 water moccasins
  3 phantoms
  2 sky beasts
  3 hell hounds (D:12)
  26 orc warriors
  10 porcupines
  5 ice beasts
  A necrophage (D:12)
  14 ogres
  8 centaurs
  18 crocodiles
  2 big kobolds
  30 giant frogs
  A water moccasin zombie (D:6)
  3 scorpions
  A water moccasin skeleton (D:10)
  12 wights
  4 killer bees (D:12)
  A quasit (D:10)
  2 lava snakes (Lair:4)
  7 crimson imps
  2 centaur skeletons (D:9)
  4 electric eels
  2 giant frog zombies
  5 hounds
  3 jellies
  36 orc priests
  Crazy Yiuf (D:4)
  63 orc wizards
  3 giant frog skeletons
  A gnoll shaman (D:7)
  Jessica (D:2)
  16 iguanas
  Terence (D:2)
  9 worker ants
  28 sheep
  3 hound zombies
  14 adders
  A worker ant zombie (D:7)
  5 gnolls
  71 river rats
  A shadow imp (D:5)
  A giant eyeball (D:11)
  An ooze (D:5)
  7 worms
  An adder skeleton (D:4)
  An adder zombie (D:9)
  6 giant geckos
  213 orcs
  10 bats
  6 giant cockroaches
  18 goblins
  10 hobgoblins
  6 jackals
  9 quokkas
  A ball python (D:2)
  A giant gecko skeleton (D:7)
  14 giant newts
  17 kobolds
  3 rats (D:1)
  A fungus (Lair:6)
1237 creatures vanquished.

Vanquished Creatures (collateral kills)
  A hydra (Lair:2)
  A naga warrior (Snake:2)
  A naga sharpshooter (Snake:3)
  A salamander mystic (Snake:3)
  A hill giant (D:10)
  A salamander (Snake:3)
  Joseph (D:7)
  A naga mage (Snake:2)
  A blink frog (Lair:5)
  A yak (Lair:8)
  A basilisk (Lair:2)
  A hippogriff (Lair:2)
  A wolf (Lair:3)
  Duvessa (D:7)
  A water moccasin (Lair:7)
  An orc warrior (D:6)
  A giant frog (Lair:8)
  Dowan (D:7)
  A hound (D:9)
  A giant frog skeleton (D:3)
  3 river rats (Lair:2)
  4 orcs
  A quokka (D:10)
  A plant (Lair:2)
29 creatures vanquished.

Vanquished Creatures (others)
  A harpy (Shoals:1)
  A salamander (Snake:3)
  A kobold demonologist (D:14)
  3 slime creatures (D:12)
  2 yaks (Lair:1)
  A porcupine (Lair:2)
  A crocodile (D:9)
  2 orc wizards (Orc:4)
  A river rat (Lair:5)
  An orc (Orc:4)
  A kobold (D:14)
  A bush (Lair:7)
  24 fungi
  27 plants
67 creatures vanquished.

Grand Total: 1333 creatures vanquished

Notes
Turn   | Place    | Note
--------------------------------------------------------------
     0 | D:1      | Medar the Draconian Chaos Knight began the quest for the Orb.
     0 | D:1      | Reached XP level 1. HP: 19/19 MP: 1/1
   107 | D:1      | XOM: harmless Trmt miscast
   113 | D:1      | Reached XP level 2. HP: 21/26 MP: 2/2
   235 | D:1      | XOM: divination: detect creatures
   292 | D:1      | Reached skill level 4 in Long Blades
   308 | D:1      | XOM: divination: detect creatures
   479 | D:2      | XOM: mild Divn miscast
   491 | D:2      | Reached XP level 3. HP: 27/31 MP: 3/3
   508 | D:2      | Noticed Sigmund
   563 | D:2      | Noticed Jessica
   565 | D:2      | XOM: divination: detect items
   591 | D:2      | Killed Jessica
   714 | D:2      | Reached XP level 4. HP: 38/38 MP: 4/4
   728 | D:2      | Reached skill level 5 in Long Blades
   783 | D:2      | Found a white marble altar of Elyvilon.
   953 | D:2      | Noticed Terence
   967 | D:2      | Killed Terence
  1290 | D:3      | XOM: harmless Pois miscast
  1343 | D:3      | Reached XP level 5. HP: 42/45 MP: 5/5
  1634 | D:3      | XOM: summons friendly crimson imp
  1711 | D:3      | Reached skill level 6 in Long Blades
  1804 | D:3      | XOM: vitrification
  1880 | D:3      | XOM: give mutations
  1880 | D:3      | Gained mutation: Your tail ends in a poisonous barb. [Xom's grace]
  1880 | D:3      | Gained mutation: You possess an exceptional clarity of mind. [Xom's grace]
  1880 | D:3      | Gained mutation: You are agile. (Dex +2) [Xom's grace]
  1936 | D:4      | XOM: give mutations
  1936 | D:4      | Gained mutation: Your body sometimes deteriorates upon taking damage. [Xom's mischief]
  1936 | D:4      | Gained mutation: You are weak. (Str -2) [Xom's mischief]
  1936 | D:4      | Lost mutation: You are agile. (Dex +2) [Xom's mischief]
  1936 | D:4      | Gained mutation: You tend to lose your temper in combat. [Xom's mischief]
  2097 | D:4      | XOM: give mutations
  2097 | D:4      | Gained mutation: Scrolls take you a little longer to read. [Xom's mischief]
  2097 | D:4      | Lost mutation: Your tail ends in a poisonous barb. [Xom's mischief]
  2307 | D:4      | XOM: silly message
  2324 | D:4      | XOM: 1-stop teleportation journey
  2494 | D:4      | Noticed a phantom
  2505 | D:4      | XOM: blink monster(s)
  2506 | D:4      | XOM: cast spell 'Stoneskin'
  2507 | D:4      | XOM: divination: magic mapping
  2508 | D:4      | XOM: noise
  2512 | D:4      | XOM: confuse monster(s)
  2547 | D:4      | XOM: harmless Divn miscast
  2574 | D:4      | Reached XP level 6. HP: 21/51 MP: 6/6
  2583 | D:4      | XOM: polymorph adder -> jelly
  2585 | D:4      | XOM: summons friendly quasit
  2690 | D:3      | XOM: vitrification
  2976 | D:3      | Reached skill level 7 in Long Blades
  3016 | D:3      | XOM: harmless Fire miscast
  3108 | D:4      | XOM: destruction
  3110 | D:4      | XOM: noise
  3130 | D:4      | XOM: 1-stop teleportation journey
  3203 | D:4      | XOM: chaos cloud
  3207 | D:4      | XOM: enchant monster (good)
  3244 | D:4      | XOM: noise
  3354 | D:4      | XOM: harmless Erth miscast
  3363 | D:4      | XOM: mild Tloc miscast
  3366 | D:4      | XOM: mild Tloc miscast
  3374 | D:5      | XOM: noise
  3374 | D:5      | Entered Level 5 of the Dungeon
  3690 | D:4      | Found a staircase to the Ecumenical Temple.
  3840 | D:5      | Reached skill level 8 in Long Blades
  3924 | D:5      | Your scales start taking on a dull iron-grey colour.
  3924 | D:5      | Gained mutation: You can survive without breathing. [Grey Draconian growth]
  3924 | D:5      | Reached XP level 7. HP: 38/57 MP: 7/7
  4023 | D:5      | XOM: 1-stop teleportation journey
  4181 | D:4      | XOM: noise
  4190 | D:4      | XOM: divination: detect creatures
  4193 | D:4      | XOM: cast spell 'Confusing Touch'
  4204 | D:4      | XOM: summons 7 friendly demons
  4433 | D:4      | Noticed Crazy Yiuf
  4441 | D:4      | XOM: smoke on damage
  4443 | D:4      | Killed Crazy Yiuf
  4624 | D:4      | XOM: noise
  4629 | D:4      | XOM: confuse monster(s)
  4659 | D:4      | Killed a phantom
  4792 | D:5      | XOM: destruction
  4793 | D:5      | XOM: butterfly on damage
  4979 | D:5      | XOM: 3-stop teleportation journey
  5014 | D:5      | Found Naewn's Distillery.
  5039 | D:5      | Bought a potion of heal wounds for 55 gold pieces
  5039 | D:5      | Bought a potion of lignification for 33 gold pieces
  5039 | D:5      | Bought a potion of curing for 33 gold pieces
  5039 | D:5      | Bought a potion of heal wounds for 55 gold pieces
  5039 | D:5      | Bought a potion of invisibility for 88 gold pieces
  5099 | D:5      | Bought a potion of agility for 44 gold pieces
  5155 | D:5      | XOM: noise
  5173 | D:5      | Bought a potion of curing for 33 gold pieces
  5182 | D:5      | Found an iron altar of Okawaru.
  5577 | D:6      | Reached XP level 8. HP: 64/67 MP: 8/8
  5809 | D:6      | XOM: 1-stop teleportation journey
  5821 | D:6      | XOM: divination: detect items
  5832 | D:6      | Reached skill level 5 in Fighting
  5837 | D:6      | XOM: smoke on damage
  5873 | D:6      | XOM: vitrification
  5910 | D:6      | Reached skill level 9 in Long Blades
  6060 | D:6      | XOM: cast spell 'Dragon Form'
  6160 | D:6      | XOM: fog
  6417 | D:6      | XOM: destruction
  6425 | D:6      | XOM: polymorph orc -> hobgoblin
  6868 | D:5      | XOM: give mutations
  6868 | D:5      | Lost mutation: You are weak. (Str -2) [Xom's mischief]
  6868 | D:5      | Lost mutation: Your body sometimes deteriorates upon taking damage. [Xom's mischief]
  7076 | D:6      | XOM: vitrification
  7182 | D:7      | XOM: noise
  7189 | D:7      | Reached skill level 5 in Dodging
  7207 | D:7      | XOM: potion effect (haste)
  7213 | D:7      | XOM: divination: detect items
  7216 | D:7      | XOM: fog
  7236 | D:7      | Reached XP level 9. HP: 52/78 MP: 9/9
  7259 | D:7      | XOM: enchant monster (bad)
  7384 | D:7      | XOM: mild Trmt miscast
  7386 | D:7      | XOM: give mutations
  7386 | D:7      | Gained mutation: Your mind is acute. (Int +2) [Xom's mischief]
  7386 | D:7      | Gained mutation: You are clumsy. (Dex -2) [Xom's mischief]
  7391 | D:7      | Noticed Duvessa
  7505 | D:7      | Noticed Dowan
  7511 | D:7      | XOM: summons 3 friendly demons
  7516 | D:7      | Killed Dowan
  7536 | D:7      | Killed Duvessa
  7567 | D:7      | Noticed Joseph
  7581 | D:7      | XOM: smoke on damage
  8068 | D:7      | Found a basalt altar of Yredelemnul.
  8208 | D:7      | XOM: cast spell 'Summon Ice Beast'
  8229 | D:7      | Killed Joseph
  8229 | D:7      | Reached skill level 10 in Long Blades
  8472 | D:7      | Found a sacrificial altar of Ru.
  8632 | D:7      | XOM: god gift: 27 gold pieces
  8723 | D:7      | XOM: god gift: glowing hand axe {god gift}
  8986 | D:8      | Gained mutation: You are resistant to hostile enchantments. [potion of mutation]
  8986 | D:8      | Gained mutation: You have large cloven feet. [potion of mutation]
  8987 | D:8      | Lost mutation: You are resistant to hostile enchantments. [potion of mutation]
  8987 | D:8      | Gained mutation: You are very clumsy. (Dex -4) [potion of mutation]
  8987 | D:8      | Gained mutation: Scrolls take you longer to read. [potion of mutation]
  9030 | D:8      | XOM: give mutation
  9030 | D:8      | Lost mutation: You are very clumsy. (Dex -4) [Xom's mischief]
  9282 | D:8      | XOM: give mutation
  9282 | D:8      | Lost mutation: Scrolls take you longer to read. [Xom's mischief]
  9390 | D:8      | XOM: medium Chrm miscast
  9586 | D:8      | XOM: mild Air miscast
  9627 | D:8      | Found a bloodstained altar of Trog.
  9791 | D:8      | Found Xinesuas's Assorted Antiques.
  9795 | D:8      | XOM: smoke on damage
  9799 | D:8      | Bought a twisted ivory ring for 145 gold pieces
  9799 | D:8      | Bought a scroll of identify for 58 gold pieces
  9833 | D:8      | XOM: enchant monster (good)
  9840 | D:8      | XOM: summons friendly crimson imp
  9863 | D:8      | XOM: fake destruction
 10176 | D:8      | Found a burning altar of Makhleb.
 10227 | D:8      | XOM: give mutations
 10227 | D:8      | Gained mutation: You have sharp fingernails. [Xom's grace]
 10227 | D:8      | Gained mutation: You are somewhat resistant to further mutation. [Xom's grace]
 10228 | D:8      | Got a brightly glowing trident
 10606 | D:9      | XOM: vitrification
 10711 | D:9      | XOM: summons friendly shadow imp
 11033 | D:9      | Got a distressingly furry cloak
 11069 | D:9      | Identified the -1 cloak of Intuition {*Contam rElec Str+6} (You found it on level 9 of the Dungeon)
 11075 | D:9      | XOM: vitrification
 11159 | D:9      | XOM: vitrification
 11264 | D:9      | XOM: polymorph crocodile -> ice beast
 11270 | D:9      | XOM: give mutation
 11270 | D:9      | Gained mutation: You have a pair of small horns on your head. [Xom's grace]
 11458 | D:9      | Reached XP level 10. HP: 72/90 MP: 10/10
 11463 | D:9      | XOM: swap monsters
 11471 | D:9      | Found a staircase to the Lair.
 11637 | D:10     | Entered Level 10 of the Dungeon
 11644 | D:10     | Reached skill level 1 in Shields
 11887 | D:10     | Killed an unseen horror
 12156 | D:10     | Noticed a hill giant
 12162 | D:10     | XOM: summons 4 friendly demons
 12166 | D:10     | XOM: summons 2 friendly demons
 12193 | D:10     | Killed a hill giant
 12193 | D:10     | Reached skill level 5 in Shields
 12263 | D:10     | Reached skill level 11 in Long Blades
 12266 | D:10     | XOM: silly message
 12530 | D:10     | Lost mutation: You are somewhat resistant to further mutation. [potion of mutation]
 12530 | D:10     | Lost mutation: You possess an exceptional clarity of mind. [potion of mutation]
 12533 | D:10     | XOM: harmless Erth miscast
 12773 | D:9      | XOM: torment (51/90 hp)
 12776 | D:9      | XOM: noise
 12777 | D:9      | XOM: confusion (+ monsters)
 12781 | D:9      | XOM: chaos cloud
 12926 | Lair:1   | Entered Level 1 of the Lair of Beasts
 12951 | Lair:1   | XOM: harmless Conj miscast
 12983 | Lair:1   | XOM: blink monster(s)
 12986 | Lair:1   | XOM: destruction
 13020 | Lair:1   | Reached skill level 12 in Long Blades
 13070 | Lair:1   | XOM: noise
 13257 | Lair:1   | XOM: 1-stop teleportation journey
 13290 | Lair:1   | XOM: colour smoke trail
 13442 | Lair:1   | Got a pair of slimy boots
 13448 | Lair:1   | Identified the +0 pair of boots "Wuphosming" {Dex+2} (You found it on level 1 of the Lair of Beasts)
 13452 | Lair:1   | Noticed Fannar
 13458 | Lair:1   | XOM: medium Conj miscast
 13470 | Lair:1   | XOM: chaos cloud
 13474 | Lair:1   | XOM: medium Necr miscast
 13751 | Lair:1   | XOM: mild Erth miscast
 13765 | Lair:1   | XOM: silly message
 14119 | Lair:1   | XOM: 1-stop teleportation journey
 14121 | Lair:1   | Reached XP level 11. HP: 95/95 MP: 11/11
 14144 | Lair:1   | XOM: polymorph wolf -> warg
 14398 | Lair:1   | XOM: swap monsters
 14399 | Lair:1   | XOM: destruction
 14432 | Lair:1   | Reached skill level 13 in Long Blades
 14541 | Lair:1   | XOM: 2-stop teleportation journey
 14657 | Lair:1   | XOM: swap monsters
 14761 | Lair:1   | XOM: silly message
 14776 | Lair:1   | XOM: god gift: gilded ring {god gift}
 14793 | Lair:1   | XOM: fog
 14798 | Lair:1   | XOM: mild Divn miscast
 14801 | Lair:1   | XOM: blink monster(s)
 14802 | Lair:1   | XOM: noise
 14817 | Lair:1   | XOM: harmless Pois miscast
 14818 | Lair:1   | Killed Fannar
 14959 | Lair:1   | XOM: medium Divn miscast
 15110 | Lair:2   | XOM: 1-stop teleportation journey
 15115 | Lair:2   | Noticed a seven-headed hydra
 15115 | Lair:2   | XOM: enchant monster (bad)
 15123 | Lair:2   | HP: 3/95 [seven-headed hydra (4)]
 15123 | Lair:2   | HP: 1/95 [hippogriff (2)]
 15123 | Lair:2   | Xom revived you
 15128 | Lair:2   | XOM: mild Summ miscast
 15193 | Lair:1   | XOM: harmless Pois miscast
 15329 | Lair:1   | XOM: medium Tloc miscast
 15505 | Lair:1   | XOM: colour smoke trail
 15579 | Lair:2   | Noticed a four-headed hydra
 15615 | Lair:2   | Killed a seven-headed hydra
 15718 | Lair:2   | XOM: colour smoke trail
 15784 | Lair:2   | XOM: confuse monster(s)
 15801 | Lair:2   | XOM: confuse monster(s)
 15809 | Lair:2   | XOM: potion effect (might)
 15815 | Lair:2   | Reached skill level 14 in Long Blades
 16025 | Lair:2   | Reached skill level 1 in Evocations
 16039 | Lair:2   | XOM: harmless Erth miscast
 16060 | Lair:2   | XOM: cast spell 'Call Canine Familiar'
 16082 | Lair:2   | XOM: smoke on damage
 16084 | Lair:2   | XOM: summons friendly ufetubus
 16358 | Lair:2   | XOM: harmless Fire miscast
 16507 | Lair:2   | XOM is BORED!
 16507 | Lair:2   | XOM: summons 4 hostile shadow creatures
 16663 | Lair:3   | XOM: 2-stop teleportation journey
 16828 | Lair:3   | XOM: swap monsters
 16995 | Lair:3   | XOM: give mutations
 16995 | Lair:3   | Lost mutation: You are clumsy. (Dex -2) [Xom's mischief]
 16995 | Lair:3   | Gained mutation: You are weak. (Str -2) [Xom's mischief]
 16995 | Lair:3   | Lost mutation: Scrolls take you a little longer to read. [Xom's mischief]
 16995 | Lair:3   | Gained mutation: Your mind is very acute. (Int +4) [Xom's mischief]
 17006 | Lair:3   | XOM: torment (27/97 hp)
 17383 | Lair:3   | XOM: stat loss: -1 Dex (13/14)
 17681 | Lair:4   | Learned a level 2 spell: Blink
 17684 | Lair:4   | Learned a level 2 spell: Repel Missiles
 17802 | Lair:4   | XOM: mild Summ miscast
 17812 | Lair:4   | Reached skill level 1 in Translocations
 17814 | Lair:4   | Reached skill level 1 in Spellcasting
 18020 | Lair:4   | XOM: 2-stop teleportation journey
 18259 | Lair:4   | Reached XP level 12. HP: 105/105 MP: 15/15
 18715 | Lair:4   | XOM: silly message
 18761 | Lair:4   | XOM: mild Erth miscast
 18807 | Lair:4   | XOM: harmless Fire miscast
 18967 | Lair:5   | XOM: potion effect (might)
 19171 | Lair:5   | Found a dark tunnel.
 19183 | Volcano  | Entered a volcano
 19400 | Volcano  | XOM: potion effect (haste)
 19415 | Volcano  | XOM: polymorph human -> salamander
 19690 | Lair:5   | XOM: summons friendly crimson imp
 19694 | Lair:5   | Reached skill level 5 in Translocations
 19771 | Lair:5   | XOM: confuse monster(s)
 19773 | Lair:5   | XOM: enchant monster (good)
 19777 | Lair:5   | XOM: enchant monster (good)
 19797 | Lair:5   | Reached skill level 1 in Charms
 19813 | Lair:5   | XOM: potion effect (berserk rage)
 19817 | Lair:5   | Reached skill level 1 in Air Magic
 20040 | Lair:5   | XOM: harmless Conj miscast
 20521 | Lair:5   | XOM: enchant monster (good)
 20525 | Lair:5   | XOM: summons 2 friendly demons
 20555 | Lair:5   | XOM: medium Erth miscast
 20728 | Lair:5   | XOM: silly message
 20894 | Lair:5   | XOM: mild Trmt miscast
 20920 | Lair:5   | XOM: give mutation
 20920 | Lair:5   | Lost mutation: Your mind is very acute. (Int +4) [Xom's mischief]
 21008 | Lair:5   | XOM: give mutation
 21008 | Lair:5   | Gained mutation: You have hoof-like feet. [Xom's grace]
 21062 | Lair:5   | XOM: give mutations
 21062 | Lair:5   | Gained mutation: You have very sharp fingernails. [Xom's grace]
 21062 | Lair:5   | Gained mutation: Your large and strong wings let you fly indefinitely. [Xom's grace]
 21062 | Lair:5   | Gained mutation: Your tail ends in a poisonous barb. [Xom's grace]
 21151 | Lair:5   | XOM: noise
 21289 | Lair:6   | XOM: confuse monster(s)
 21290 | Lair:6   | Reached skill level 5 in Charms
 21334 | Lair:6   | XOM: blink monster(s)
 21455 | Lair:6   | XOM is BORED!
 21455 | Lair:6   | XOM: noise
 21683 | Lair:6   | XOM: divination: magic mapping
 21738 | Lair:6   | XOM: confuse monster(s)
 21740 | Lair:6   | XOM: summons 3 friendly demons
 21745 | Lair:6   | XOM: noise
 21781 | Lair:6   | XOM: potion effect (invisibility)
 21799 | Lair:6   | XOM: blink monster(s)
 21951 | Lair:6   | XOM: enchant monster (good)
 21995 | Lair:6   | XOM: summons friendly quasit
 22003 | Lair:6   | Found a staircase to the Snake Pit.
 22005 | Lair:6   | XOM: summons 5 friendly demons
 22007 | Lair:6   | Noticed an eight-headed hydra
 22081 | Lair:6   | Noticed a five-headed hydra
 22139 | Lair:5   | XOM: give mutations
 22139 | Lair:5   | Gained mutation: Scrolls take you a little longer to read. [Xom's mischief]
 22139 | Lair:5   | Lost mutation: Your large and strong wings let you fly indefinitely. [Xom's mischief]
 22139 | Lair:5   | Lost mutation: You tend to lose your temper in combat. [Xom's mischief]
 22139 | Lair:5   | Gained mutation: Your tail ends in a sharp poisonous barb. [Xom's mischief]
 22334 | Lair:3   | XOM: summons 2 friendly demons
 22471 | D:9      | XOM: divination: detect creatures
 22627 | D:10     | Reached XP level 13. HP: 107/111 MP: 19/19
 22890 | D:11     | Found a staircase to the Orcish Mines.
 22936 | D:11     | XOM: harmless Conj miscast
 23032 | D:11     | XOM: polymorph orc warrior -> giant eyeball
 23347 | D:11     | XOM: god gift: lamp of fire
 23613 | D:11     | XOM: summons friendly crimson imp
 23829 | D:11     | XOM: confuse monster(s)
 23963 | D:10     | XOM: torment (57/111 hp)
 24183 | Lair:6   | XOM: 1-stop teleportation journey
 24186 | Lair:6   | XOM: cast spell 'Summon Hydra'
 24190 | Lair:6   | XOM: summons 4 friendly demons
 24207 | Lair:6   | XOM: confuse monster(s)
 24210 | Lair:6   | Killed a five-headed hydra
 24211 | Lair:6   | Killed an eight-headed hydra
 24216 | Lair:6   | Reached skill level 15 in Long Blades
 24374 | Lair:6   | XOM: enchant monster (good)
 24514 | Lair:6   | XOM: 10-stop teleportation journey
 24736 | Lair:6   | XOM: summons 1 hostile demon
 24777 | Lair:6   | XOM: medium Ice miscast
 24994 | Lair:6   | Found a staircase to the Shoals.
 25004 | Lair:6   | XOM: swap monsters
 25020 | Lair:6   | XOM: confuse monster(s)
 25142 | Lair:6   | XOM: cast spell 'Confusing Touch'
 25179 | Lair:7   | XOM: enchant monster (good)
 25181 | Lair:7   | Noticed Rupert
 25245 | Lair:6   | Noticed a storm dragon
 25245 | Lair:6   | a death yak changed into a storm dragon
 25245 | Lair:6   | XOM: polymorph death yak -> storm dragon
 25292 | Lair:5   | Noticed a four-headed hydra
 25297 | Lair:5   | XOM: confusion (+ monsters)
 25312 | Lair:5   | Noticed a catoblepas
 25323 | Lair:5   | Killed a catoblepas
 25378 | Lair:5   | XOM: summons friendly iron imp
 25382 | Lair:5   | XOM: swap monsters
 25557 | Lair:7   | Reached skill level 16 in Long Blades
 25567 | Lair:7   | XOM: enchant monster (good)
 25614 | Lair:7   | XOM: summons friendly quasit
 25695 | Lair:7   | XOM: fog
 25696 | Lair:7   | XOM: vitrification
 25809 | Lair:7   | XOM: confuse monster(s)
 25820 | Lair:7   | XOM: confuse monster(s)
 25834 | Lair:7   | XOM: cast spell 'Blink'
 25843 | Lair:7   | XOM: silly message
 25850 | Lair:7   | XOM: potion effect (might)
 25854 | Lair:7   | Reached skill level 5 in Spellcasting
 25854 | Lair:7   | XOM: mild Summ miscast
 26108 | Lair:8   | Entered Level 8 of the Lair of Beasts
 26142 | Lair:8   | XOM: potion effect (agility)
 26150 | Lair:7   | XOM: potion effect (brilliance)
 26167 | Lair:7   | XOM: potion effect (brilliance)
 26329 | Lair:7   | XOM: harmless Hex miscast
 26640 | Lair:3   | Reached XP level 14. HP: 97/118 MP: 22/22
 26706 | Lair:4   | Learned a level 6 spell: Haste
 26706 | Lair:4   | XOM: silly message
 26712 | Lair:4   | Learned a level 5 spell: Phase Shift
 26719 | Lair:4   | Learned a level 6 spell: Deflect Missiles
 26923 | Orc:1    | Entered Level 1 of the Orcish Mines
 26930 | Orc:1    | XOM: potion effect (magic)
 26960 | Orc:1    | Found Xacumo Sami's Antique Armour Boutique.
 27408 | Orc:1    | XOM: divination: detect creatures
 27506 | Orc:2    | Found Cafuox's Distillery.
 27519 | Orc:2    | Bought a potion of haste for 160 gold pieces
 27519 | Orc:2    | Bought a potion of curing for 48 gold pieces
 27519 | Orc:2    | Bought a potion of flight for 48 gold pieces
 27519 | Orc:2    | Bought a potion of heal wounds for 80 gold pieces
 27519 | Orc:2    | Bought a potion of agility for 64 gold pieces
 27529 | Orc:2    | Found Poal's Jewellery Emporium.
 27729 | Orc:2    | XOM is BORED!
 27729 | Orc:2    | XOM: noise
 28100 | Orc:1    | XOM: potion effect (haste)
 28579 | Orc:1    | XOM is BORED!
 28579 | Orc:1    | XOM: mild Ice miscast
 28842 | Orc:3    | Noticed Maud
 28852 | Orc:3    | XOM: smoke on damage
 28865 | Orc:3    | Killed Maud
 28909 | Orc:3    | XOM: mild Pois miscast
 28924 | Orc:3    | XOM: 1-stop teleportation journey
 28925 | Orc:3    | Noticed Erolcha
 29422 | Orc:3    | Killed Erolcha
 29492 | Orc:3    | Noticed Urug
 29494 | Orc:3    | XOM: fog
 29503 | Orc:3    | XOM: 1-stop teleportation journey
 29558 | Orc:3    | Noticed Donald
 29573 | Orc:3    | XOM: silly message
 29577 | Orc:3    | XOM: summons friendly ufetubus
 29590 | Orc:3    | Killed Donald
 29590 | Orc:3    | Reached skill level 10 in Charms
 29600 | Orc:3    | Killed Urug
 29885 | Orc:3    | Found a deep blue altar of Sif Muna.
 30014 | Orc:3    | Identified Sif Muna's Papyrus of Changing
 30113 | Orc:4    | Entered Level 4 of the Orcish Mines
 30123 | Orc:4    | XOM: confuse monster(s)
 30310 | Orc:4    | XOM: silly message
 30650 | Orc:4    | XOM: silly message
 30693 | Orc:4    | XOM: colour smoke trail
 30703 | Orc:4    | Found a staircase to the Elven Halls.
 30997 | Orc:4    | XOM: cast spell 'Discord'
 31028 | Orc:4    | XOM: divination: detect creatures
 31217 | Orc:4    | XOM: harmless Pois miscast
 31388 | Orc:4    | XOM: mild Pois miscast
 31422 | Orc:4    | Paralysed by an orc sorcerer for 2 turns
 31683 | Orc:4    | Found Tocal's Book Shop.
 31683 | Orc:4    | Found Zopukh's Antique Armour Boutique.
 31684 | Orc:4    | Found Rysong's Assorted Antiques.
 31687 | Orc:4    | Found Rimaran's Armour Shop.
 31705 | Orc:4    | Bought a potion of curing for 81 gold pieces
 31705 | Orc:4    | Bought a pair of runed gloves for 121 gold pieces
 31716 | Orc:4    | Bought a forked glass wand for 108 gold pieces
 31718 | Orc:4    | Bought a triple sword for 270 gold pieces
 31754 | Orc:4    | XOM: confusion
 32002 | Orc:4    | Found a roughly hewn altar of Beogh.
 32113 | Orc:2    | Bought the ring of Liralu {*Drain MR+ Int+2 Dex+5 Stlth+} for 702 gold pieces
 32234 | D:12     | XOM: enchant monster (bad)
 32236 | D:12     | XOM: mild Fire miscast
 32347 | D:12     | XOM: divination: detect creatures
 32354 | D:12     | Noticed Sonja
 32370 | D:12     | Killed Sonja
 32382 | D:12     | Noticed Azrael
 32382 | D:12     | XOM: divination: detect items
 32387 | D:12     | XOM: harmless Necr miscast
 32398 | D:12     | Killed Azrael
 32504 | D:12     | XOM: harmless Necr miscast
 32543 | D:12     | XOM: cast spell 'Blink'
 32761 | D:12     | Found an opulent altar of Gozag.
 32804 | D:12     | XOM: enchant monster (good)
 33206 | D:13     | XOM: divination: detect items
 33394 | D:13     | XOM: chaos upgrade
 33458 | D:13     | XOM: divination: magic mapping
 33722 | D:13     | XOM: polymorph yaktaur -> hornet
 33773 | D:13     | XOM: vitrification
 34204 | D:12     | XOM: scenery: 2 doors close
 34208 | D:13     | XOM: polymorph yaktaur -> trapdoor spider
 34220 | D:13     | XOM: polymorph vault guard -> something unseen
 34249 | D:13     | Killed a ghost moth
 34445 | D:13     | XOM: divination: detect creatures
 34570 | D:13     | XOM: confuse monster(s)
 34575 | D:13     | XOM: divination: detect creatures
 34588 | D:13     | XOM: potion effect (berserk rage)
 34623 | D:13     | Found a gate to the Vaults.
 34631 | D:13     | XOM: summons 7 friendly demons
 34635 | D:13     | Reached XP level 15. HP: 95/125 MP: 26/26
 34800 | D:14     | Noticed Louise
 34848 | D:14     | XOM: cast spell 'Discord'
 34849 | D:14     | XOM: confuse monster(s)
 34883 | D:14     | XOM: confuse monster(s)
 35063 | D:14     | XOM: harmless Divn miscast
 35251 | D:14     | XOM: noise
 35300 | D:14     | Noticed Agnes
 35302 | D:14     | XOM: medium Tloc miscast
 35304 | D:14     | XOM: summons 2 hostile demons
 35719 | D:14     | XOM: give mutations
 35719 | D:14     | Lost mutation: Your tail ends in a sharp poisonous barb. [Xom's mischief]
 35719 | D:14     | Gained mutation: Potions and wands are less effective at restoring your health. [Xom's mischief]
 36350 | Lair:8   | XOM: cast spell 'Ring of Flames'
 36363 | Lair:8   | XOM: harmless Divn miscast
 36441 | Lair:8   | XOM: scenery: create altars
 36461 | Lair:8   | XOM: cast spell 'Cause Fear'
 36462 | Lair:8   | XOM: swap monsters
 36506 | Lair:8   | XOM: silly message
 36736 | Lair:7   | XOM: god gift: glowing war axe {god gift}
 37052 | Lair:8   | XOM: vitrification
 37097 | Lair:8   | XOM: divination: detect items
 37100 | Lair:8   | XOM: scenery: create altars
 37131 | Lair:8   | XOM: harmless Summ miscast
 37140 | Lair:8   | Reached skill level 17 in Long Blades
 37263 | Lair:8   | XOM: harmless Chrm miscast
 37847 | Lair:8   | XOM: summons 15 friendly demons
 38023 | Lair:8   | XOM: severe Air miscast
 38088 | Lair:8   | XOM is BORED!
 38088 | Lair:8   | XOM: give mutations
 38088 | Lair:8   | Lost mutation: You are weak. (Str -2) [Xom's mischief]
 38088 | Lair:8   | Gained mutation: Your tail ends in a sharp poisonous barb. [Xom's mischief]
 38088 | Lair:8   | Lost mutation: Your mind is acute. (Int +2) [Xom's mischief]
 38088 | Lair:8   | Lost mutation: You have a pair of small horns on your head. [Xom's mischief]
 38124 | Lair:7   | Found a runed door.
 38124 | Lair:7   | Found a viscous altar of Jiyva.
 38125 | Lair:7   | Found a staircase to the Slime Pits.
 38184 | Snake:1  | Entered Level 1 of the Snake Pit
 38684 | Snake:1  | XOM: polymorph salamander -> anubis guard
 38693 | Snake:1  | XOM: chaos upgrade
 38715 | Snake:1  | XOM: divination: detect creatures
 38980 | Snake:1  | XOM: smoke on damage
 38983 | Snake:1  | Reached skill level 18 in Long Blades
 39210 | Snake:1  | XOM: summons friendly ufetubus
 39554 | Snake:1  | XOM: god gift: 36 gold pieces
 39786 | Snake:1  | XOM: give mutation
 39786 | Snake:1  | Gained mutation: You are agile. (Dex +2) [Xom's grace]
 39981 | Snake:1  | XOM: fog
 39983 | Snake:1  | XOM: polymorph shock serpent -> faun
 39994 | Snake:1  | XOM: vitrification
 40035 | Snake:1  | XOM: harmless Conj miscast
 40151 | Snake:1  | XOM: give mutation
 40151 | Snake:1  | Gained mutation: You have a pair of small horns on your head. [Xom's mischief]
 40184 | Snake:1  | XOM: god gift: scroll of immolation
 40317 | Snake:1  | Noticed a greater naga
 40322 | Snake:1  | XOM: summons 14 friendly demons
 40327 | Snake:1  | Killed a greater naga
 40465 | Snake:1  | XOM: medium Tloc miscast
 40511 | Snake:1  | XOM: colour smoke trail
 40715 | Snake:2  | Noticed Wiglaf
 40715 | Snake:2  | Noticed a greater naga
 40718 | Snake:2  | XOM: enchant monster (bad)
 40781 | Snake:1  | XOM: silly message
 40794 | Snake:1  | XOM is BORED!
 40794 | Snake:1  | XOM: stat loss: -3 Int (11/14)
 41103 | Snake:2  | Killed a greater naga
 41103 | Snake:2  | Reached XP level 16. HP: 70/132 MP: 27/27
 41392 | Snake:2  | XOM: smoke on damage
 41491 | Snake:2  | XOM: silly message
 41562 | Snake:2  | XOM: mild Divn miscast
 41797 | Snake:2  | Reached skill level 19 in Long Blades
 41916 | Snake:2  | XOM: blink monster(s)
 42239 | Lair:6   | XOM: medium Divn miscast
 42240 | Lair:6   | XOM: confusion
 42251 | Lair:6   | XOM: enchant monster (good)
 42457 | Lair:1   | XOM: stat loss: -1 Str (26/27)
 42737 | Orc:4    | Bought a manual of Charms for 1435 gold pieces
 42946 | D:11     | XOM: give mutations
 42946 | D:11     | Lost mutation: Your tail ends in a sharp poisonous barb. [Xom's mischief]
 42946 | D:11     | Lost mutation: You are agile. (Dex +2) [Xom's mischief]
 42946 | D:11     | Gained mutation: Your muscles are strong. (Str +2) [Xom's mischief]
 43056 | Lair:2   | XOM: colour smoke trail
 43070 | Lair:2   | Killed a two-headed hydra
 43390 | Lair:6   | Killed a storm dragon
 43522 | Snake:1  | XOM: harmless Pois miscast
 43554 | Snake:1  | XOM: mild Summ miscast
 43745 | Snake:2  | XOM: 1-stop teleportation journey
 43751 | Snake:2  | XOM: enchant monster (bad)
 43762 | Snake:2  | XOM: swap monsters
 44145 | Snake:2  | XOM: 2-stop teleportation journey
 44401 | Snake:2  | XOM: blink monster(s)
 44420 | Snake:2  | XOM: harmless Conj miscast
 44423 | Snake:2  | XOM: summons friendly white imp
 44426 | Snake:2  | XOM: blink monster(s)
 44485 | Snake:3  | XOM: medium Pois miscast
 44545 | Snake:3  | XOM: medium Necr miscast
 45177 | Snake:2  | Found a shattered altar of Ashenzari.
 45326 | Snake:2  | XOM: divination: detect creatures
 45427 | Snake:2  | XOM: polymorph naga mage -> harpy
 45515 | Snake:3  | XOM: summons friendly shadow imp
 45523 | Snake:3  | XOM: summons 16 friendly demons
 45623 | Snake:2  | XOM: scenery: 1 doors close
 46119 | Snake:3  | XOM: vitrification
 46339 | Snake:3  | Noticed Vashnia
 46386 | Snake:3  | XOM: god gift: forked wooden wand {god gift}
 46455 | Snake:3  | XOM: summons friendly rust devil
 46543 | Snake:2  | XOM: scenery: 1 doors close
 46820 | Snake:3  | Killed Vashnia
 46896 | Snake:2  | XOM: god gift: runed hat {god gift}
 46926 | Snake:2  | XOM: scenery: 1 doors open
 47097 | Snake:2  | XOM: divination: detect creatures
 47131 | Snake:3  | XOM: smoke on damage
 47136 | Snake:3  | XOM: harmless Trmt miscast
 47324 | Snake:2  | XOM: potion effect (berserk rage)
 47325 | Snake:2  | XOM: divination: detect creatures
 47395 | Snake:2  | XOM: potion effect (brilliance)
 47398 | Snake:2  | XOM: divination: detect creatures
 47461 | Snake:3  | Reached skill level 20 in Long Blades
 47469 | Snake:3  | XOM: harmless Divn miscast
 47645 | Snake:3  | Got a pitted cloak
 47648 | Snake:3  | Identified the +2 cloak "Zuol" {+Inv rC- rN+ Str+6} (You found it on level 3 of the Snake Pit)
 47724 | Snake:3  | XOM: silly message
 47794 | Snake:3  | XOM: harmless Erth miscast
 47831 | Snake:3  | XOM: confuse monster(s)
 47911 | Snake:3  | XOM: harmless Necr miscast
 47935 | Snake:3  | XOM: silly message
 48056 | Snake:4  | Entered Level 4 of the Snake Pit
 48063 | Snake:4  | XOM: cast spell 'Ring of Flames'
 48274 | Snake:3  | XOM: enchant monster (good)
 48408 | Snake:2  | XOM: god gift: club {god gift}
 48643 | Snake:2  | You fall through a shaft!
 48655 | Snake:3  | XOM: mild Chrm miscast
 48657 | Snake:3  | XOM: enchant monster (bad)
 48822 | Snake:4  | XOM: stat loss: -1 Int (14/15)
 49227 | Snake:4  | Reached XP level 17. HP: 124/138 MP: 28/28
 49227 | Snake:4  | XOM: polymorph salamander -> anubis guard
 49248 | Snake:4  | XOM: 1-stop teleportation journey
 49445 | Snake:4  | XOM: draining
 49566 | Snake:4  | XOM: harmless Divn miscast
 49600 | Snake:4  | XOM: confuse monster(s)
 49647 | Snake:3  | HP: 5/138 [naga sharpshooter/bolt (18)]
 49727 | Snake:2  | XOM: silly message
 50141 | Shoals:1 | Entered Level 1 of the Shoals
 50221 | Lair:6   | XOM: confusion (+ monsters)
 50403 | Lair:6   | XOM: give mutations
 50403 | Lair:6   | Gained mutation: You are clumsy. (Dex -2) [Xom's mischief]
 50403 | Lair:6   | Gained mutation: You are very clumsy. (Dex -4) [Xom's mischief]
 50403 | Lair:6   | Lost mutation: You are very clumsy. (Dex -4) [Xom's mischief]
 50403 | Lair:6   | Lost mutation: You are clumsy. (Dex -2) [Xom's mischief]
 50467 | Lair:6   | XOM: mild Conj miscast
 50625 | Shoals:1 | XOM: mild Hex miscast
 50626 | Shoals:1 | XOM: silly message
 50848 | Shoals:1 | XOM: harmless Ice miscast
 50874 | Shoals:1 | XOM: stat loss: -1 Str (28/29)
 50980 | Lair:6   | XOM: cast spell 'Spider Form'
 51104 | Shoals:1 | Reached skill level 21 in Long Blades
 51105 | Shoals:1 | XOM: snakes to sticks
 51413 | Lair:5   | Killed a one-headed hydra
 51521 | Lair:6   | XOM: blink monster(s)
 51660 | Lair:6   | XOM: harmless Summ miscast
 51890 | Shoals:1 | XOM: harmless Ice miscast
 52053 | Shoals:1 | XOM: harmless Fire miscast
 52459 | Shoals:1 | XOM: god gift: 40 gold pieces
 52533 | Shoals:1 | XOM: draining
 52546 | Shoals:1 | Learned a level 3 spell: Regeneration
 52674 | Shoals:2 | XOM: colour smoke trail
 52692 | Shoals:2 | Found an opulent altar of Gozag.
 52984 | Shoals:2 | XOM: silly message
 53030 | Shoals:2 | XOM: polymorph siren -> guardian serpent
 53125 | Shoals:2 | XOM: summons 3 hostile demons
 53211 | Shoals:2 | XOM: harmless Hex miscast
 53422 | Shoals:2 | Noticed Jorgrun
 53438 | Shoals:2 | Killed Jorgrun
 53498 | Shoals:1 | XOM: torment (28/138 hp)
 53605 | Shoals:3 | XOM: swap monsters
 53610 | Shoals:3 | HP: 5/138 [faun/stone (6)]
 53737 | Shoals:3 | XOM: chaos cloud
 53738 | Shoals:3 | XOM: noise
 53741 | Shoals:3 | Paralysed by you for 6 turns
 53743 | Shoals:3 | HP: 9/207 [snapping turtle[a merfolk] (10)]
 53744 | Shoals:3 | HP: 2/207 [merfolk/vampiric trident (7)]
 53745 | Shoals:3 | Mangled by a water elemental

Action                   |  1- 3 |  4- 6 |  7- 9 | 10-12 | 13-15 | 16-18 || total
-------------------------+-------+-------+-------+-------+-------+-------++-------
Melee: Falchion          |    94 |   330 |   564 |    21 |    68 |       ||  1077
       Unarmed           |       |       |     7 |       |       |       ||     7
       Long sword        |       |       |    86 |  1242 |    55 |       ||  1383
       Scimitar          |       |       |       |       |  1934 |       ||  1934
       Triple sword      |       |       |       |       |   180 |   695 ||   875
 Cast: Repel Missiles    |       |       |       |     1 |     8 |     1 ||    10
       Haste             |       |       |       |       |     3 |    20 ||    23
       Blink             |       |       |       |       |     1 |       ||     1
       Regeneration      |       |       |       |       |       |     1 ||     1
Evoke: Wand              |       |     7 |     7 |     9 |    14 |    10 ||    47
       Lamp of fire      |       |       |       |       |     3 |     1 ||     4
       Fan of gales      |       |       |       |       |       |     1 ||     1
  Use: Scroll            |       |     7 |    12 |    16 |    16 |    15 ||    66
       Potion            |       |     7 |     7 |     6 |     3 |    16 ||    39
 Stab: Paralysed         |     1 |     4 |     5 |       |       |       ||    10
       Sleeping          |     1 |     1 |       |     4 |    10 |     5 ||    21
       Confused          |       |     1 |     2 |     1 |     6 |     1 ||    11
       Petrifying        |       |     1 |     1 |       |     1 |       ||     3
       Distracted        |       |       |       |     2 |     8 |     5 ||    15
       Invisible         |       |       |       |     2 |       |       ||     2
       Petrified         |       |       |       |     1 |     3 |       ||     4
  Eat: Chunk             |       |    11 |    22 |    37 |    53 |    21 ||   144
       Beef jerky        |       |       |     1 |     2 |     1 |     1 ||     5
       Pizza             |       |       |     1 |     1 |       |     3 ||     5
       Royal jelly       |       |       |       |     1 |       |       ||     1
       Meat ration       |       |       |       |       |     3 |     6 ||     9
